 Dungeon Crawl Stone Soup version 0.27-a0-346-ga689d4a613 (webtiles) character file.

Game seed: 5408037039050484927

265 jasper the Magician (level 5, 0/35 HPs)
             Began as a Mummy Ice Elementalist on Feb 15, 2021.
             Was a Follower of Cheibriados.
             Slain by Pikel
             ... wielding a +2 whip of flaming
              (3 damage)
             ... on level 4 of the Dungeon.
             The game lasted 00:04:24 (3000 turns).

jasper the Magician (Mummy Ice Elementalist)        Turns: 3000, Time: 00:04:25

Health: 0/35       AC:  2    Str: 15    XL:     5   Next: 99%
Magic:  6/13       EV: 12    Int: 18    God:    Cheibriados [*.....]
Gold:   107        SH:  0    Dex: 15    Spells: 3/15 levels left

rFire    x . .     SeeInvis .   f - +1 hunting sling
rCold    + . .     Faith    .   (no shield)
rNeg     + + +     Spirit   .   a - +0 robe
rPois    ∞         Reflect  .   (no helmet)
rElec    .         Harm     .   (no cloak)
rCorr    .         Rampage  .   (no gloves)
Will     .....                  (no boots)
Stlth    ++........             (no amulet)
HPRegen  0.11/turn              i - ring of wizardry
MPRegen  0.13/turn              (no ring)

@: about to teleport, frozen ramparts, very slow
A: no potions, fire vulnerability, cold resistance 1, negative energy resistance
3, torment resistance, unbreathing
a: Renounce Religion, Bend Time


You were on level 4 of the Dungeon.
You worshipped Cheibriados.
Cheibriados was aware of your devotion.
You visited 1 branch of the dungeon, and saw 4 of its levels.

You collected 107 gold pieces.

Inventory:

Hand Weapons
 f - a +1 hunting sling (weapon)
Missiles
 d - 97 stones (quivered ammo)
 e - 25 sling bullets
Armour
 a - a +0 robe (worn)
Jewellery
 i - a ring of wizardry (left hand)
Wands
 k - a wand of flame (37)
Scrolls
 b - a scroll of magic mapping
 g - a scroll of amnesia
 j - a scroll of teleportation
 l - a scroll of noise {unknown}
 m - a scroll of immolation {unknown}


   Skills:
 - Level 1.5 Dodging
 - Level 1.5 Stealth
 + Level 5.5 Spellcasting
 + Level 1.2 Summonings
 + Level 4.7 Ice Magic


You had 3 spell levels left.
You knew the following spells:

 Your Spells              Type           Power        Failure   Level
a - Freeze                Ice            84%          1%          1
b - Frozen Ramparts       Ice            42%          2%          3
c - Hailstorm             Conj/Ice       13%          19%         4
d - Summon Ice Beast      Ice/Summ       15%          16%         4

Your spell library contained the following spells:

 Spells                   Type           Power        Failure   Level
 Ozocubu's Armour         Ice            21%          2%          3


Dungeon Overview and Level Annotations

Branches:
Dungeon (4/15)
 Temple: D:4-7

Altars:
Cheibriados
Okawaru
Uskayaw
Zin

Annotations:
D:3 Grinder
D:4 Pikel


Innate Abilities, Weirdness & Mutations

You do not drink.
Your flesh is vulnerable to fire.
You are immune to poison.
Your flesh is cold resistant. (rC+)
You are immune to negative energy. (rN+++)
You are immune to unholy pain and torment.
You can survive without breathing.


Message History

Press: ? - help, Q - select action, (/) - cycle Shift-Dir - straight line, f/p - lemure
Aim: a lemure (severely wounded)
You freeze the lemure.
The lemure is almost dead.
The lemure shouts! x2
You hear a shout!
The wall freezes Pikel.
You now have 9/13 mp.
Aiming: Freeze (safe; 1% risk of failure)
Press: ? - help, Q - select action, (/) - cycle Shift-Dir - straight line, f - Pikel, p - lemure
Aim: Pikel, wielding a +2 whip of flaming and wearing a +0 robe (moderately wounded)
You freeze Pikel.
Pikel is moderately wounded.
The wall freezes the lemure.
You kill the lemure!
That felt strangely unrewarding.
You now have 8/13 mp.
Aiming: Freeze (safe; 1% risk of failure)
Press: ? - help, Q - select action, (/) - cycle Shift-Dir - straight line, f/p - Pikel
Aim: Pikel, wielding a +2 whip of flaming and wearing a +0 robe (moderately wounded)
You freeze Pikel.
Pikel is moderately wounded.
The wall freezes the lemure.
The wall freezes Pikel.
Pikel closely misses you.
You now have 7/13 mp.
Aiming: Freeze (safe; 1% risk of failure)
Press: ? - help, Q - select action, (/) - cycle Shift-Dir - straight line, f/p - Pikel
Aim: Pikel, wielding a +2 whip of flaming and wearing a +0 robe (heavily wounded)
You freeze Pikel.
Pikel is heavily wounded.
The wall freezes the lemure.
The wall freezes Pikel.
Pikel hits you with a +2 whip of flaming!
* * * LOW HITPOINT WARNING * * *
Pikel burns you.
* * * LOW HITPOINT WARNING * * *
You take 16 damage, and have 3/35 hp.
MASSIVE DAMAGE!!
You now have 6/13 mp.
As you read the scroll labelled WEC YHIXUI, it crumbles to dust.
You feel strangely unstable.
It was a scroll of teleportation.
The wall freezes the lemure.
The wall freezes Pikel.
Pikel hits you with a +2 whip of flaming.
You die...

#.#.....#≈.≈#≈###
#.#.#.#...≈≈#≈≈##
.......♣..≈♣≈≈≈#
#.#.#.≈≈.≈≈..≈.
#.....≈≈.≈≈.≈..
###.##.≈.≈.≈≈.≈ ###
#.##♣≈†..≈≈≈.
##...#########.##.♣#≈≈≈#≈≈
#......5K@...#.##≈≈#.≈.#.≈
#♣....######.#.###≈#≈≈.#..
♣.... #....# ####.....
♣..... #..### #######.
♣_.... #..# #.......
♣..... #..#### #.#####.
♣♣...5 #.....# #.# #.†.
...55 #...#.###.# #)##
###.#.......###.#


You could see Pikel and a lemure.

Vanquished Creatures
  An ogre (D:4)
  A lemure (D:4)
  Jessica (D:2)
  2 worker ants (D:4)
  6 adders
  A worm (D:2)
  3 dart slugs (D:1)
  3 leopard geckos
  An orc (D:3)
  3 giant cockroaches
  3 hobgoblins (D:2)
  6 kobolds
  A ball python (D:2)
  2 bats
  5 frilled lizards
  6 goblins
  10 rats
55 creatures vanquished.

Notes
Turn   | Place    | Note
-------+----------+-------------------------------------------
     0 | D:1      | jasper the Mummy Ice Elementalist began the quest for the
                  | Orb.
     0 | D:1      | Reached XP level 1. HP: 13/13 MP: 4/4
    81 | D:1      | Reached skill level 3 in Spellcasting
   248 | D:1      | Reached XP level 2. HP: 19/19 MP: 3/6
  1063 | D:2      | Found a snail-covered altar of Cheibriados.
  1133 | D:2      | Became a worshipper of Cheibriados the Contemplative
  1275 | D:2      | Reached XP level 3. HP: 24/24 MP: 8/8
  1537 | D:2      | Found a hide-covered altar of Uskayaw.
  1552 | D:2      | Learned a level 3 spell: Frozen Ramparts
  1590 | D:2      | Reached skill level 4 in Spellcasting
  1819 | D:2      | Found an iron altar of Okawaru.
  1910 | D:2      | Noticed Jessica
  1915 | D:2      | Killed Jessica
  1916 | D:2      | Reached XP level 4. HP: 30/30 MP: 7/10
  1921 | D:2      | Learned a level 4 spell: Hailstorm
  2041 | D:2      | Reached * piety under Cheibriados
  2515 | D:3      | Noticed Grinder
  2663 | D:4      | Reached skill level 5 in Spellcasting
  2663 | D:4      | Reached XP level 5. HP: 27/35 MP: 6/12
  2668 | D:4      | Learned a level 4 spell: Summon Ice Beast
  2853 | D:4      | Noticed an ogre
  2866 | D:4      | Killed an ogre
  2867 | D:4      | Reached skill level 1 in Summonings
  2989 | D:4      | Found a glowing silver altar of Zin.
  2990 | D:4      | Noticed Pikel
  2990 | D:4      | Noticed a lemure
  2990 | D:4      | Noticed a lemure
  2990 | D:4      | Noticed a lemure
  2990 | D:4      | Noticed a lemure
  2997 | D:4      | Killed a lemure
  3000 | D:4      | Slain by Pikel

Illustrated notes

Levels and vault maps discovered:
D:1:      mrwooster_arrival_arrow, layout_basic, minivault_19
D:2:      minmay_skewed_foursquare, layout_basic,
          nicolae_overflow_crystal_walls, cheibriados_altar_1,
          kennysheep_okawaru_gauntlet, uniq_jessica
D:3:      layout_rooms, uniq_grinder, uniq_sigmund
D:4:      layout_loops_ring, zin_academy, serial_rivers,
          chequers_serial_rivers_marsh, chequers_serial_rivers_room_b,
          chequers_serial_rivers_micro_e, chequers_serial_rivers_micro_e,
          chequers_serial_rivers_micro_e, chequers_serial_rivers_micro_a,
          gammafunk_ghost_mausoleum, minmay_manual_mail, uniq_pikel

Skill      XL: |  1  2  3  4  5 |
---------------+----------------+-----
Spellcasting   | 3 4 5 |  5.5
Ice Magic      | 4 |  4.7
Summonings     | 1 |  1.2
Dodging        | |  1.5
Stealth        | |  1.5

Action                   |  1- 3 |  4- 6 || total
-------------------------+-------+-------++-------
Melee: Unarmed           |     2 |       ||     2
 Fire: Hunting sling     |    73 |    34 ||   107
 Cast: Freeze            |    30 |    21 ||    51
       Frozen Ramparts   |       |     4 ||     4
       Summon Ice Beast  |       |     1 ||     1
  Use: Scroll            |       |     5 ||     5
Armor: Robe              |     4 |     2 ||     6
Dodge: Dodged            |    15 |    10 ||    25

Table legend: (Time is in decaauts)
 A = Elapsed time spent in this place.
 B = Non-inter-level travel time spent in this place.
 C = Inter-level travel time spent in this place.
 D = Time resting spent in this place.
 E = Time spent auto-exploring this place.
 F = Levels seen in this place.
 G = Mean time per level.
                   A        B        C        D        E       F      G
               +--------+--------+--------+--------+--------+-----+--------+
         Total |   3422 |   3215 |    207 |    219 |   2619 |   4 |  855.5 |
       Dungeon |   3422 |   3215 |    207 |    219 |   2619 |   4 |  855.5 |
               +--------+--------+--------+--------+--------+-----+--------+

Top non-repeatable levels by time:
     D:2: 1890 daAuts
     D:1: 1030 daAuts
     D:4: 399 daAuts
     D:3: 101 daAuts
